Cogmind - Beta 13 @@@ ROGUE MODE // 2024.05.07 @ 19:22:17 Player: P9H Result: Destroyed by S-10 Pest with Light Assault Rifle Performance ------------- Evolutions (1) 500 Regions Visited (2) 400 Robots Destroyed (10) 50 Value Destroyed (155) 155 Prototype IDs (1) 20 Alien Tech Used (0) 0 Bonus (0) 0 TOTAL SCORE: 1125 Bonus ------- None Cogmind --------- Core Integrity 0/400 Matter 286/300 Energy 100/100 System Corruption 0% Temperature Cool (0) Movement Core (50) Location -9/Materials Parts ------- > --- POWER (2) -------- (None) > --- PROPULSION (2) --- (None) > --- UTILITY (3) ------ (None) > --- WEAPON (2) ------- Shotgun > --- INVENTORY (5) ---- Small Laser Particle Gun Peak State ------------ > --- POWER ------------ (None) > --- PROPULSION ------- Aluminum Leg Aluminum Leg > --- UTILITY ---------- Small Storage Unit Hardened Light Armor Plating > --- WEAPON ----------- EM Pulse Gun Particle Gun > --- INVENTORY -------- Small Laser [Rating: 8] Favorites ----------- Power Light Ion Engine Engine Light Ion Engine Propulsion Light Treads Treads Light Treads Leg Aluminum Leg Utility Small Storage Unit Storage Small Storage Unit Protection Hardened Light Armor Plating Weapon Light Assault Rifle Energy Gun EM Pulse Gun Ballistic Gun Light Assault Rifle Build | -11 -10 -9 ------- Run | Yrd Mat Mat Slots Evolved 2 | . . 2 Power 1 | . . 1 Propulsion . | . . . Utility 1 | . . 1 Weapon . | . . . Parts Attached 14 | 5 . 9 Power 2 | 1 . 1 Engine 2 | 1 . 1 Core . | . . . Reactor . | . . . Propulsion 4 | 2 . 2 Treads 2 | 2 . . Leg 2 | . . 2 Wheel . | . . . Hover . | . . . Flight . | . . . Utility 2 | 1 . 1 Device . | . . . Storage 1 | 1 . . Processor . | . . . Hackware . | . . . Protection 1 | . . 1 Artifact . | . . . Weapon 6 | 1 . 5 Energy Gun 2 | . . 2 Energy Cannon . | . . . Ballistic Gun 4 | 1 . 3 Ballistic Cannon . | . . . Launcher . | . . . Special Weapon . | . . . Impact Weapon . | . . . Slashing Weapon . | . . . Piercing Weapon . | . . . Special Melee Weapon . | . . . Unidentified Prototypes 1 | . . 1 Parts Lost 10 | . 1 9 Power 2 | . 1 1 Propulsion 3 | . . 3 Utility 2 | . . 2 Weapon 3 | . . 3 Highest Loss Streak 4 | . 1 4 To Critical Strikes 1 | . . 1 Average Slot Usage (%) 55 | . 64 52 Engine 4 | . 7 2 Treads 13 | . 28 7 Leg 9 | . . 12 Storage 11 | . 14 10 Protection 2 | . . 3 Energy Gun 5 | . . 8 Ballistic Gun 9 | . 14 7 Naked Turns 7 | . . 7 Heaviest Build 15 | 9 9 15 Greatest Support 40 | 40 40 40 Greatest Overweight (x) 1 | 1 . 1 Average Overweight (x) . | . . . Largest Inventory Capacity 8 | 8 8 8 Average Capacity 7 | 7 8 7 Most Carried 5 | 5 5 5 Average Carried 3 | 3 5 2 Final Capacity 8 | 8 8 5 Final Carried 5 | 5 5 2 Class Distribution -------------------- 100% | Mutant Dominant Class ---------------- Mutant | -10/Materials Mutant | -9/Materials Resources | -11 -10 -9 ----------- Run | Yrd Mat Mat Matter Collected 252 | 134 . 118 Remotely . | . . . Salvage Created 154 | . 38 116 Parts 18 | . 8 10 Haulers Intercepted . | . . . Recyclers Shooed 1 | . 1 . Parts Field Recycled . | . . . Retrieved Matter . | . . . Parts Self-Destructed . | . . . Prevented . | . . . Kills | -11 -10 -9 ------- Run | Yrd Mat Mat Combat Hostiles Destroyed 10 | . 3 7 Melee 2 | . . 2 Guns 6 | . 3 3 AOE 2 | . . 2 Classes Destroyed 2 | . 1 1 Swarmer 9 | . 3 6 Sentry 1 | . . 1 Best Kill Streak 2 | . 2 2 Combat Bots Only 2 | . 2 2 Max Kills in Single Turn 1 | . 1 1 Gunslinging . | . . . Exploded 1 | . . 1 Melee 1 | . . 1 Uniques/NPCs Destroyed . | . . . Combat | -11 -10 -9 -------- Run | Yrd Mat Mat Hostile Shots Fired 215 | . 52 163 Missed 59 | . 11 48 Damage Taken 1543 | . 328 1215 Core 473 | . 69 404 Absorbed by Shields . | . . . Core Remaining (%) 86 | 100 72 . Volleys Fired 51 | . 14 37 Largest 2 | . 1 2 Hottest 105 | . 20 105 Shots Fired 52 | . 14 38 Gun 52 | . 14 38 Cannon . | . . . Launcher . | . . . Special . | . . . Kinetic 45 | . 14 31 Thermal 1 | . . 1 Explosive . | . . . Electromagnetic 6 | . . 6 Robot Hit Streak 5 | . 3 5 Robot Miss Streak 4 | . 3 4 Penetration Max . | . . . Secondary Targets . | . . . Shots Hit Robots 26 | . 6 20 Core Hits 22 | . 4 18 Critical Kills . | . . . Critical Parts Destroyed . | . . . Critical Strikes 1 | . . 1 Destroy 1 | . . 1 Melee Attacks . | . . . Impact . | . . . Slashing . | . . . Piercing . | . . . Sneak Attacks . | . . . Combat Hostiles . | . . . Follow-up Attacks . | . . . Damage Inflicted 400 | . 66 334 Guns 230 | . 66 164 Cannons . | . . . Explosions 110 | . . 110 Melee . | . . . Ramming 60 | . . 60 Kinetic 197 | . 66 131 Thermal 110 | . . 110 Explosive . | . . . Electromagnetic 33 | . . 33 Impact . | . . . Slashing . | . . . Piercing . | . . . Highest Corruption . | . . . Average Corruption . | . . . Corruption Purged . | . . . Corruption Blocked . | . . . Overload Shots . | . . . Overflow Damage 75 | . . 75 Projectiles . | . . . Explosions 75 | . . 75 Melee . | . . . Knockbacks . | . . . Impact . | . . . Kinetic . | . . . Secondary . | . . . Self-Inflicted Damage 186 | . . 186 Shots 2 | . . 2 Rammed 6 | . . 6 Targets Rammed 31 | . . 31 Kicked 25 | . . 25 Crushed . | . . . Highest Temperature 36 | . . 36 Average Temperature 16 | . . 16 Received Heat Transfer 132 | . . 132 Siege Activations . | . . . Robots Corrupted . | . . . Combat Hostiles . | . . . Parts Fried . | . . . Impact Corruptions . | . . . Robots Melted . | . . . Combat Hostiles . | . . . Parts Melted . | . . . Heat Transferred 200 | . . 200 Parts Sabotaged . | . . . Parts Stolen . | . . . Parts Stripped . | . . . Power Chain Reactions 1 | . . 1 Alert | -11 -10 -9 ------- Run | Yrd Mat Mat Peak Influence 246 | . 60 246 Initial 25 | . . 25 Average 81 | . 29 124 Maximum Alert Level 1 | . . 1 Low Security (%) 90 | 100 100 83 Level 1 9 | . . 16 Level 2 . | . . . Level 3 . | . . . Level 4 . | . . . Level 5 . | . . . High Security . | . . . Max Security . | . . . Squads Dispatched . | . . . Investigation . | . . . Extermination . | . . . Reinforcement . | . . . Assault . | . . . Garrison . | . . . Intercept . | . . . Searches Triggered . | . . . Construction Impeded . | . . . Haulers Reinforced . | . . . Active Scanning Responses . | . . . Cargo Convoy Interrupts . | . . . Stealth | -11 -10 -9 --------- Run | Yrd Mat Mat Distress Signals 2 | . . 2 Communications Jammed . | . . . Distress Signals . | . . . Times Spotted 18 | . 3 15 Peak Tracking Total 7 | . 3 7 Tactical Retreats 2 | . . 2 Traps | -11 -10 -9 ------- Run | Yrd Mat Mat Traps Triggered . | . . . Indirectly . | . . . Trap Hack Attempts . | . . . Triggered . | . . . Disarmed . | . . . Reprogrammed . | . . . Reused . | . . . Traps Extracted . | . . . Installed . | . . . Triggered . | . . . Machines | -11 -10 -9 ---------- Run | Yrd Mat Mat Machines Disabled 2 | . . 2 Max in Single Turn 2 | . . 2 Machines Repaired . | . . . Machines Dismantled . | . . . Machines Sabotaged . | . . . Overloaded Fab Kills . | . . . Hacking | -11 -10 -9 --------- Run | Yrd Mat Mat Machines Accessed 1 | . . 1 Terminals 1 | . . 1 Fabricators . | . . . Repair Stations . | . . . Recycling Units . | . . . Scanalyzers . | . . . Garrison Access . | . . . Total Hacks 2 | . . 2 Successful 1 | . . 1 Failed 1 | . . 1 Catastrophic . | . . . Database Lockouts . | . . . Manual 1 | . . 1 Terminals 2 | . . 2 Fabricators . | . . . Repair Stations . | . . . Recycling Units . | . . . Scanalyzers . | . . . Garrison Access . | . . . Terminal Hacks 1 | . . 1 Zone Layout 1 | . . 1 Fabricator Hacks . | . . . Repair Station Hacks . | . . . Recycling Unit Hacks . | . . . Scanalyzer . | . . . Garrison Access Hacks . | . . . Unauthorized Hacks . | . . . Terminals . | . . . Fabricators . | . . . Repair Stations . | . . . Recycling Units . | . . . Scanalyzers . | . . . Garrison Access . | . . . Data Cores Recovered . | . . . Used . | . . . Hacking Detections 1 | . . 1 Full Trace Events . | . . . Feedback Events . | . . . Feedback Blocked . | . . . Robot Schematics Acquired . | . . . Robots Built . | . . . Authchips . | . . . Time . | . . . Total Robot Build Rating . | . . . Part Schematics Acquired . | . . . Parts Built . | . . . Authchips . | . . . Time . | . . . Total Part Build Rating . | . . . Parts Repaired . | . . . Time . | . . . Parts Recycled . | . . . Recycled Matter . | . . . Retrieved Matter . | . . . Retrieved Components . | . . . Parts Scanalyzed . | . . . Part Schematics Acquired . | . . . Parts Damaged . | . . . Bothacking | -11 -10 -9 ------------ Run | Yrd Mat Mat Used RIF Installer . | . . . Robots Hacked . | . . . Non-combat . | . . . Combat . | . . . Robot Hacks Applied . | . . . Relay Couplers Released . | . . . Fabnet Peak Effective % . | . . . Robots Rewired . | . . . Allies Hacked . | . . . Hacks Repelled . | . . . Allies | -11 -10 -9 -------- Run | Yrd Mat Mat Total Allies . | . . . Largest Group . | . . . Highest-Rated Group . | . . . Highest-Rated Ally . | . . . Total Orders . | . . . Ally Attacks . | . . . Total Damage . | . . . Kills . | . . . Allies Corrupted . | . . . Allies Melted . | . . . Intel | -11 -10 -9 ------- Run | Yrd Mat Mat Robot Analysis Total . | . . . Derelict Logs Recovered . | . . . Drone Launches . | . . . Drone Recoveries . | . . . Exploration | -11 -10 -9 ------------- Run | Yrd Mat Mat Turns Passed 687 | 117 158 412 Spaces Moved 388 | 69 84 235 Core 46 | 10 . 36 Treads 219 | 59 84 76 Legs 123 | . . 123 Wheels . | . . . Hover . | . . . Flight . | . . . Fastest Speed 50 | 50 160 50 Average Speed 136 | 149 160 123 Slowest Speed 160 | 160 160 160 Overloaded Moves . | . . . Propulsion Burnouts . | . . . Robots Hopped . | . . . Cave-ins Triggered . | . . . Exploration Rate (%) 15 | 5 15 26 Regions Visited 2 Branch Regions . Pre-discovered Areas . | . . . Known Exits Taken . | . . . Unknown Exits Taken 2 | 1 1 . Scrap Searched . | . . . Spaces Dug . | . . . Terrain Destroyed 34 | . . 34 Melee . | . . . Projectile . | . . . AOE 34 | . . 34 Terrain Rammed . | . . . Walls Destroyed . | . . . Machines Disabled . | . . . Actions | -11 -10 -9 --------- Run | Yrd Mat Mat Total 499 | 83 97 319 Wait . | . . . Move 386 | 68 83 235 Hop . | . . . Pick Up 15 | 10 . 5 Fast Attach . | . . . Attach 13 | 5 . 8 Detach . | . . . Swap 1 | . . 1 Drop 2 | . . 2 Fire 51 | . 14 37 Melee . | . . . Ram 6 | . . 6 Kick 25 | . . 25 Crush . | . . . Escape Stasis . | . . . Rewire . | . . . Trap . | . . . Miscellaneous . | . . . Route ------- -11/Scrapyard -10/Materials -9/Materials (discovered 1 exit: [*Min]) History --------- Turn | Location | Event 23 | -11/Scrapyard | Discovered new exit (range 16) 118 | -11/Scrapyard | Entered Materials 251 | -10/Materials | Discovered new exit (range 16) 276 | -10/Materials | Entered another Materials area 276 | -9/Materials | Evolved 2 slots: Power x1, Utility x1 315 | -9/Materials | Build established: Mutant 469 | -9/Materials | Lost 4 parts (1p1n1u1w) 634 | -9/Materials | Core integrity fell below 50% 667 | -9/Materials | Core integrity fell below 20% 675 | -9/Materials | Discovered new exit (range 13) 688 | -9/Materials | Destroyed by S-10 Pest with Light Assault Rifle Last Messages --------------- 00554_ Connecting with Scanalyzer... 00570_ W-16 Scout sends out distress signal. 00578_ Chain reaction triggered in Lgt. Ion Engine. 00578_ S-10 Pest destroyed. 00608_ EM Pulse Gun destroyed. 00611_ Dropped Faulty Imp. Assault Rifle. 00640_ Aluminum Leg destroyed. 00647_ S-10 Pest destroyed. 00653_ Aluminum Leg destroyed. 00655_ Critical hit (Destroy). 00655_ Lgt. Assault Rifle destroyed. 00656_ Slammed into S-10 Pest. 00657_ Acquired 19 matter. 00657_ Slammed into S-10 Pest. 00661_ Destabilizing: Core damaged (-16). 00669_ Sml. Storage Unit destroyed. 00675_ EXIT=FOUND 00675_ Acquired Shotgun. 00683_ K-01 Serf collects debris. Map ----- +----------------------------------------------------+ | ????????????#######??????????????????????????????? | | ????????????+ ???????????????????????????????? | | ????????????# #????????????????????????????????? | | ???##+####### #????????????????????????????????? | | ???# [%=% #????????????????????????????????? | | ???# #####== #????????????????????????????????? | | ???# #???#% #####????????????????????????????? | | ???+ #???#% +????????????????????????????? | | ???# #???#% #####????????????????????????????? | | ???# #???# #????????????????????????????????? | | ???# #???# #??????? ????????????????????????? | | # #???# #???????a ???????????????????????? | | #### #???# #?????##/##??????????????????????? | | #### #???# #?##### +??????????????????????? | | # #####+##+###"T"# #??????????????????????? | | # # + +??????????????????????? | | # # """"" ## #??????????????????????? | | "" # # """"" ## #??????????????????????? | | "" # # """"" ##g #??????????????????????? | | "" # # """"" + !! #??????????????????????? | | "" # "[ """"" ## !! #??????????????????????? | | "" + =" """"" ## #?########?????????????? | | # " """"" ##s ## ##+##?????????? | | #### # ## #????????? | | #### ########### r < #????????? | | @ #????????? | | #######" "#?????????????? | | #??????? |"! "#?????????????? | | #### " """ +?????????"?????????????????? | | #??# """ """ #???????????????????????????? | | #??# """ """ #???????????????????????????? | | #?## """ """ !!#???????????????????????????? | | #?#" "" !!#???????????????????????????? | | #?#T """ #???????????????????????????? | | #?#" "" #???????????????????????????? | | #### ""? #???????????????????????????? | | "" # "? #???????????????????????????? | | "" # ? [ #???????????????????????????? | | "" + ?? ???????????????????????????? | | # ????? #???????????????????????????? | | # ? ?????? ????????????????????????????? | | #### ???????????????????????????????????????????? | | ?????????????????????????????????????????????????? | | ?????????????????????????????????????????????????? | | ?????????????????????????????????????????????????? | | ?????????????????????????????????????????????????? | | ?????????????????????????????????????????????????? | | ?????????????????????????????????????????????????? | | ?????????????????????????????????????????????????? | | ?????????????????????????????????????????????????? | +----------------------------------------------------+ Best States ------------- Heat Dissipation 28 Energy Generation 10 Energy Capacity 125 Matter Stores 300 Matter Capacity 300 Sight Range 16 Terrain Scan Density 10 Armor Coverage 150 Evasion (%) 55 Recoil Reduction 2 Item Schematics ----------------- None Robot Schematics ------------------ None Fabricated ------------ Nothing Alien Tech Used ----------------- None Achievements -------------- Risk Taker Challenges ------------ None Game ------ Seed MyomerBiometalDatajack Manual? 0 Play Time 00:24:15 Cumulative 1.3 hours Start 2024.05.07 @ 16:04:24 End 2024.05.07 @ 19:22:17 Sessions 1 Manual Loads 0 Difficulty Rogue Special Mode None Game No. 4 Rogue 4 Adventurer 0 Explorer 0 Win Type - Total 0 Types 0/0/0/0/0/0/0/0/0 Lore% 0 Gallery% 4 Achievement% 2 Wizard Run 0 Options --------- Layout 1 ASCII 0 Keyboard 0 Movement Mouse Keybinds 0 Fullscreen 2 Font 32/SmallcapsGlow Map View 50x35 Zoom Use 0% Tactical HUD 1 Map Filters NONE Filters NONE Steam 1 RUN: 2fe70135-b0c2-40f0-99ce-00725ccd5aaa